 Dungeon Crawl Stone Soup version 0.29-a0-416-g83a48905f1 (webtiles) character file.

Game seed: 1803743207191364295

1530 happo123 the Grappler (level 8, -4/78 HPs)
             Began as a Troll Berserker on May 16, 2022.
             Was a Priest of Trog.
             Engulfed by a cloud of flame (27 damage)
             ... on level 5 of the Dungeon.
             The game lasted 00:14:07 (4050 turns).

happo123 the Grappler (Troll Berserker)             Turns: 4050, Time: 00:14:07

Health: -4/78      AC:  5    Str: 28    XL:     8   Next: 55%
Magic:  7/7        EV: 10    Int:  3    God:    Trog [***...]
Gold:   172        SH:  0    Dex:  9    Spells: 7/7 levels left

rFire   . . .      SeeInvis .     - Unarmed
rCold   . . .      Faith    .   (no shield)
rNeg    . . .      Spirit   .   a - +0 animal skin
rPois   .          Reflect  .   (helmet restricted)
rElec   .          Harm     .   y - +0 cloak
rCorr   .          Rampage  .   (gloves unavailable)
Will    .....                   (boots unavailable)
Stlth   ++........              (no amulet)
HPRegen 1.03/turn               (no ring)
MPRegen 0.10/turn               (no ring)

@: on berserk cooldown, slowed, very slow
A: large, unfitting armour, claws 3, regeneration 1, shaggy fur 1, tough skin 1
a: Renounce Religion, Berserk, Trog's Hand


You were on level 5 of the Dungeon.
You worshipped Trog.
Trog was most pleased with you.
You visited 1 branch of the dungeon, and saw 5 of its levels.
You also visited: Sewer.

You collected 242 gold pieces.
You spent 70 gold pieces at shops.

Inventory:

Hand Weapons
 h - the +8 flail of Truth {antimagic, rElec rN+}
   (You found it on level 3 of the Dungeon)

   It reduces the magical energy of the wielder, and disrupts the spells and
   magical abilities of those it strikes.
   Natural abilities and divine invocations are not affected.
   rElec:     It insulates you from electricity.
   rN:        It protects you from negative energy.
 x - a +4 quarterstaff of chaos
Armour
 a - a +0 animal skin (worn)
 y - a +0 cloak (worn)
Wands
 s - a wand of iceblast (13)
 u - a wand of digging (4)
 w - a wand of flame (6)
Scrolls
 b - 2 scrolls of identify
 c - 4 scrolls of blinking
 f - a scroll of magic mapping {unknown}
 g - a scroll of immolation {unknown}
 j - 2 scrolls of noise {unknown}
 k - 3 scrolls of fear
 n - 4 scrolls of teleportation
 r - 3 scrolls of amnesia
 v - a scroll of poison {unknown}
Potions
 d - a potion of lignification {unknown}
 e - a potion of degeneration {unknown}
 i - a potion of attraction {unknown}
 l - a potion of heal wounds {unknown}
 m - 2 potions of curing {unknown}
 o - a potion of brilliance {unknown}
 p - a potion of haste {unknown}
 q - a potion of flight {unknown}
 t - 2 potions of berserk rage {unknown}
 z - a potion of resistance


   Skills:
 + Level 4.1 Fighting
 + Level 4.7 Dodging
 + Level 1.8 Stealth
 + Level 8.6 Unarmed Combat


You had 7 spell levels left.
You didn't know any spells.
Your spell library was empty.

Dungeon Overview and Level Annotations

Branches:
Dungeon (5/15)             Temple (0/1) D:5           Sewer (visited)

Altars:
Kikubaaqudgha

Shops:
D:3 ?   D:4 *

Annotations:
D:5 1 transporter


Innate Abilities, Weirdness & Mutations

You are too large for most types of armour.
You have claws for hands.
Your natural rate of healing is unusually fast.
You are covered in fur. (AC +1)
You have tough skin. (AC +1)


Message History

The fire bat is moderately wounded.
The fire bat bites you.
You are engulfed in flames!
The fire bat bites you.
You are engulfed in flames!
The fire bat closely misses you.
A red film seems to cover your vision as you go berserk!
You feel yourself moving faster!
You feel mighty! The fire bat misses you.
The fire bat bites you but does no damage.
You barely miss the fire bat. The fire bat bites you.
You are engulfed in flames!
The fire bat closely misses you.
You closely miss the fire bat.
The fire bat is moderately wounded.
You closely miss the fire bat.
The fire bat is moderately wounded.
The fire bat closely misses you. x2; The fire bat bites you.
You are engulfed in flames!
You mangle the fire bat!!
You feel the power of Trog in you as your rage grows.
You kill the fire bat!
Trog accepts your kill. The fire bat closely misses you.
Your Fighting skill increases to level 4!
You mangle the fire bat!!
You kill the fire bat!
Trog accepts your kill.
You feel a strong urge to attack something.
You feel your anger nearly subside.
You are no longer berserk.
You are exhausted.
You feel yourself slow down.
Really walk into that cloud of flame?
Really walk into a travel-excluded area?
You are engulfed in blazing flames.
* * * LOW HITPOINT WARNING * * *
There is an open gate here.
Really walk into that cloud of flame? [Y]es or [N]o only, please.
Really walk into that cloud of flame?
Okay, then.
You are engulfed in blazing flames.
You die...

#.......##........###
##.....
#####.####........#
##.#.# #.# ########'##
#..... #.# #☼☼°°°########
#.....
#.###○.○°°#°°○☼°○###..###
#.###○☼○☼°#☼○○○..#....###
#...#!$.°.○.#.#○.#.......
#..©#©/.°°○...©☼.#©......
##..#($.@☼○.#.#○.#....###
####○☼○☼°#○○○☼○○###.....
##°○°○☼#○.○°○○#.......
#○○°○○##########.....
#######..........####
#........##.####
#...............
#.######.##.#### #.#
#........


There were no monsters in sight!

Vanquished Creatures
  2 fire bats (D:5)
  Eustachio (D:5)
  A water moccasin (D:5)
  Duvessa (D:4)
  2 ogres (D:5)
  2 bullfrogs (Sewer)
  2 scorpions
  Dowan (D:4)
  2 hounds (D:5)
  Crazy Yiuf (D:5)
  A jelly (D:4)
  2 iguanas (D:5)
  Ijyb (D:4)
  3 gnolls (D:4)
  14 adders
  A white imp (D:5)
  2 worms
  2 dart slugs
  11 orcs
  8 ball pythons
  6 bats
  5 endoplasms
  14 giant cockroaches
  5 goblins
  8 hobgoblins
  2 jackals (D:5)
  3 kobolds
  6 quokkas
  12 frilled lizards
  3 rats
124 creatures vanquished.

Vanquished Creatures (others)
  2 orcs (D:5)
  5 toadstools (D:1)
  2 withered plants (D:1)
9 creatures vanquished.

Grand Total: 133 creatures vanquished

Notes
Turn   | Place    | Note
-------+----------+-------------------------------------------
     0 | D:1      | happo123 the Troll Berserker began the quest for the Orb.
     0 | D:1      | Reached XP level 1. HP: 22/22 MP: 0/0
   152 | D:1      | Reached XP level 2. HP: 29/29 MP: 1/1
   327 | D:1      | Found a faded altar of an unknown god.
  1021 | D:2      | Reached XP level 3. HP: 36/36 MP: 2/2
  1419 | D:3      | Found a glowing drain.
  1430 | D:3      | Reached ** piety under Trog
  1436 | D:3      | Reached skill level 4 in Unarmed Combat
  1436 | D:3      | Reached XP level 4. HP: 44/44 MP: 3/3
  1443 | Sewer    | Entered a sewer
  1640 | Sewer    | Reached XP level 5. HP: 53/53 MP: 4/4
  1678 | Sewer    | Reached skill level 5 in Unarmed Combat
  1691 | Sewer    | Reached XP level 6. HP: 31/61 MP: 5/5
  1956 | D:3      | Identified the +8 flail of Truth {antimagic, rElec rN+}
  2158 | D:3      | Found Pydu's Magic Scroll Shoppe.
  2161 | D:3      | Bought a scroll of identify for 20 gold pieces
  2786 | D:4      | Reached *** piety under Trog
  2870 | D:4      | Found Koym's Assorted Antiques.
  2917 | D:4      | Bought a scroll of identify for 50 gold pieces
  3002 | D:4      | Noticed Duvessa
  3004 | D:4      | Noticed Dowan
  3006 | D:4      | Noticed Ijyb
  3013 | D:4      | Killed Duvessa
  3014 | D:4      | Reached skill level 1 in Stealth
  3014 | D:4      | Reached skill level 6 in Unarmed Combat
  3018 | D:4      | Killed Dowan
  3019 | D:4      | Reached XP level 7. HP: 67/67 MP: 6/6
  3024 | D:4      | Killed Ijyb
  3275 | D:5      | Entered Level 5 of the Dungeon
  3278 | D:5      | Found a transporter.
  3317 | D:5      | Found an ancient bone altar of Kikubaaqudgha.
  3318 | D:5      | Noticed Eustachio
  3340 | D:5      | Killed Eustachio
  3341 | D:5      | Reached skill level 7 in Unarmed Combat
  3402 | D:5      | Found a staircase to the Ecumenical Temple.
  3412 | D:5      | Reached XP level 8. HP: 54/78 MP: 7/7
  3552 | D:5      | Found a runed translucent door.
  3553 | D:5      | Noticed Crazy Yiuf
  3563 | D:5      | Killed Crazy Yiuf
  3564 | D:5      | Reached skill level 8 in Unarmed Combat
  3880 | D:5      | Found a transporter.
  4050 | D:5      | Engulfed by a cloud of flame

Illustrated notes

Levels and vault maps discovered:
D:1:      ldierk_walled_garden, layout_loops_ring, shapermc_ecumenical_altar_gd,
          serial_aquarium, aquarium_bridge_long_separate
          [aquarium_subvault_window, aquarium_subvault_balcony,
          aquarium_subvault_bridge, aquarium_subvault_window,
          aquarium_subvault_wall, aquarium_subvault_bridge],
          aquarium_window_corner, aquarium_window_fake, aquarium_window_1,
          aquarium_view_2e, aquarium_pool_double, serial_park_tiny_pond
D:2:      layout_loops_ring
D:3:      layout_loops_corners, serial_shops, nicolae_shop_behind_doors,
          gup_sewer_entry_glass
D:4:      layout_loops_cross, serial_shops, nicolae_shop_stone,
          minmay_misc_feat_chi, minmay_misc_feat_square, uniq_ijyb, uniq_duvessa
D:5:      gammafunk_cloud_chamber, layout_basic,
          nicolae_kikubaaqudgha_miasma_corner, minmay_temple_entry_ruins,
          corexii_item_surrounded_by_moat, uniq_eustachio,
          uniq_crazy_yiuf_cottage

Skill      XL: |  1  2  3  4  5  6  7  8 |
---------------+-------------------------+-----
Dodging        | 3 4 |  4.7
Unarmed Combat | 4 5 6 7 8 |  8.6
Fighting       | 3 4 |  4.1
Stealth        | 1 |  1.8

Action                   |  1- 3 |  4- 6 |  7- 9 || total
-------------------------+-------+-------+-------++-------
Melee: Unarmed           |    69 |   152 |   105 ||   326
       Punch             |     3 |     2 |     4 ||     9
Invok: Berserk           |       |     1 |     3 ||     4
  Use: Scroll            |       |       |     3 ||     3
 Stab: Sleeping          |     1 |     1 |     1 ||     3
Armor: Animal skin       |    22 |    49 |    32 ||   103
Dodge: Dodged            |    30 |    94 |    61 ||   185

Table legend: (Time is in decaauts)
 A = Elapsed time spent in this place.
 B = Non-inter-level travel time spent in this place.
 C = Inter-level travel time spent in this place.
 D = Time resting spent in this place.
 E = Time spent auto-exploring this place.
 F = Levels seen in this place.
 G = Mean time per level.
                   A        B        C        D        E       F      G
               +--------+--------+--------+--------+--------+-----+--------+
         Total |   4140 |   3765 |    375 |      0 |   2876 |   6 |  690.0 |
       Dungeon |   3575 |   3200 |    375 |      0 |   2574 |   5 |  715.0 |
         Sewer |    564 |    564 |      0 |      0 |    302 |   1 |  564.0 |
               +--------+--------+--------+--------+--------+-----+--------+

Top non-repeatable levels by time:
     D:3: 824 daAuts
     D:1: 811 daAuts
     D:5: 785 daAuts
     D:2: 594 daAuts
   Sewer: 564 daAuts
     D:4: 560 daAuts
